 Dungeon Crawl Stone Soup version 0.25-a0-583-g696c2ac64d (console) character file.

Game seed: 1447719970593243125, levelgen mode: deterministic

4584 utis the Summoner (level 10, -3/63 (64) HPs)
             Began as a Tengu Summoner on Mar 5, 2020.
             Slain by a death yak (17 damage)
             ... on level 8 of the Dungeon on Mar 8, 2020.
             The game lasted 00:33:56 (13555 turns).

utis the Summoner (Tengu Summoner)                 Turns: 13555, Time: 00:33:56

HP:   -3/63 (64)    AC:  5    Str: 15    XL:     10   Next: 41%
MP:   9/15          EV: 21    Int: 15    God:
Gold: 382           SH:  0    Dex: 15    Spells: 1/15 levels left

rFire    + . .     SeeInvis +   w - +1 halberd
rCold    . . .     Gourm    .   (shield currently unavailable)
rNeg     . . .     Faith    .   N - +0 leather armour {MR+}
rPois    .         Spirit   .   (helmet restricted)
rElec    .         Reflect  .   z - +1 cloak
rCorr    .         Harm     .   (no gloves)
MR       +....                  (boots unavailable)
Stlth    ++........             (no amulet)
HPRegen  0.20/turn              v - ring of see invisible
MPRegen  0.14/turn              K - ring of Fyegusk {rF+ Str+3}

@: flying quickly and evasively, very slightly contaminated, quick
A: beak, talons 3, able to fly
a: Stop Flying


You were on level 8 of the Dungeon.
You were not hungry.

You visited 1 branch of the dungeon, and saw 9 of its levels.

You collected 382 gold pieces.

Inventory:

Hand Weapons
 a - a +2 spear of venom
 h - a +0 mace
 s - a +0 whip
 t - a +0 spear
 w - a +1 halberd (weapon)
 y - a +0 short sword
 G - a +4 flail of protection
 L - a +2 shortbow of freezing
Missiles
 b - 6 silver javelins
 l - 156 stones (quivered)
Armour
 d - a +0 ring mail
 e - a +0 leather armour
 n - a +0 cloak
 z - a +1 cloak (worn)
 B - a +0 robe
 C - the +3 chain mail of Slovenliness {rN+ Dex+5}
   (You found it on level 4 of the Dungeon)

   It affects your dexterity (+5).
   It protects you from negative energy.
 M - a +2 scale mail of fire resistance
 N - a +0 leather armour of magic resistance (worn)
Jewellery
 v - a ring of see invisible (left hand)
 F - an uncursed ring of protection from fire
 K - the ring of Fyegusk (right hand) {rF+ Str+3}
   (You found it on level 6 of the Dungeon)

   [ring of protection from fire]

   It affects your strength (+3).
   It protects you from fire.
Wands
 m - a wand of disintegration (8) {@e1}
 D - a wand of flame (47)
 E - a wand of digging (7)
 H - a wand of random effects (57)
Scrolls
 q - 5 scrolls of teleportation {@r4}
 r - a scroll of magic mapping {unknown}
 x - 4 scrolls of enchant weapon
 A - 2 scrolls of identify {@r1}
 I - 3 scrolls of remove curse {@r2}
Potions
 f - 2 potions of lignification {unknown}
 g - a potion of invisibility
 i - 2 potions of brilliance
 j - 2 potions of magic
 k - 2 potions of flight
 o - a potion of heal wounds {@q2}
 p - 3 potions of degeneration {@e1}
 u - 2 potions of curing {@q1}
Comestibles
 c - 14 rations {@e1}


   Skills:
 + Level 7.9 Fighting
 + Level 9.0 Dodging
 - Level 2.0 Stealth
 - Level 3.0 Spellcasting
 + Level 10.9 Summonings
 - Level 4.0 Ice Magic


You had one spell level left.
You knew the following spells:

 Your Spells              Type           Power        Failure   Level  Hunger
b - Summon Ice Beast      Ice/Summ       ###.....     11%         4    #####..
f - Call Canine Familiar  Summ           #####...     1%          3    ###....
p - Call Imp              Summ           #####...     1%          2    ##.....
t - Summon Lightning Spi  Summ/Air       ###.....     26%         4    #####..
z - Summon Small Mammal   Summ           ####         1%          1    #......

Your spell library contained the following spells:

 Spells                   Type           Power        Failure   Level  Hunger
 Summon Guardian Golem    Hex/Summ       ###.....     8%          3    ###....
 Confusing Touch          Hex            #.......     58%         3    ###....
 Gell's Gravitas          Tloc           #.........   58%         3    ###....
 Petrify                  Tmut/Erth      #.......     94%         4    #####..
 Metabolic Englaciation   Hex/Ice        #.........   96%         5    ######.
 Yara's Violent Unravell  Hex/Tmut       #.........   100%        5    ######.


Dungeon Overview and Level Annotations

Branches:
Dungeon (9/15)             Temple (0/1) D:6
   Lair: D:8-11         Orc: D:9-12

Altars:
Ashenzari
Cheibriados
Dithmenos
Fedhas
Nemelex Xobeh

Shops:
D:8 (


Innate Abilities, Weirdness & Mutations

You have a beak for a mouth.
You have claws for feet.
You can fly continuously.


Message History

The bolt of electricity hits your lightning spire.
Your lightning spire completely resists.
You hit the death yak but do no damage. You claw the death yak.
The death yak is heavily wounded.
The death yak gores you.
You slash the death yak!
You claw the death yak, but do no damage.
You peck the death yak, but do no damage.
The death yak is severely wounded.
The death yak completely misses you. The death yak gores you!!
* * * LOW HITPOINT WARNING * * *
Your lightning spire shoots out a bolt of lightning at the death yak!
The bolt of electricity hits the death yak.
The bolt of electricity hits the death yak!
The bolt of electricity hits your lightning spire but does no damage.
You hit the death yak.
You peck the death yak, but do no damage.
The death yak is severely wounded.
The death yak gores you!
You die...

░░░░.░░░░░░.....░░░░░░░░░░░░░.░░.
.░........'......V............░..
...░.░░░░░░.....░░░░░...........▒
.░░░'░░....░░░....░ ░░.>.......▒▒
░░....░..<.░░░░░░.░ ░...........
░..........Y......░ ░.).........
......░..➘.░░░░░..░░░░░)░░░░░....
......░.[..░░░░░Y8....░).░ ░.░░░
......'....'...░Q░░░░.░░.░ ░.░
......░....░░░Y░.░░░░.░░.░ ░.░
......░....░ ░.░.░....░░.░░ ░.░░
......░░░░░░ ░.░.░Y░░░░░..░ ░..░░
......░ ░Y░.░.░░░░░░.░░░..⚶░
░░░░░.░ ░...░...YY.)....⚶≈♣≈
░.░░░░░░░░░░░░░░░░░░░░.░.≈≈≈.
░.................░ ░░.░..≈≈.
░░░░░░░░░░░░░......░░.░ ░......≈.


You could see a death yak and a friendly lightning spire.

Vanquished Creatures
  A two-headed ogre (D:8)
  Psyche (D:8)
  A vampire (D:8)
  A human (D:8)
  A yak (D:8)
  A steam dragon (D:8)
  2 hogs (D:8)
  Grum (D:8)
  2 sky beasts (D:8)
  A phantom (D:6)
  An ice beast (D:5)
  A black bear (D:9)
  An eye of draining (D:8)
  An ogre (D:4)
  A necrophage (D:8)
  A centaur (D:6)
  3 wolves (D:8)
  5 bullfrogs
  A scorpion (D:8)
  2 howler monkeys (D:7)
  2 crimson imps (D:5)
  A hound (D:5)
  A gnoll shaman (D:6)
  A jelly (D:5)
  A bullfrog skeleton (D:6)
  An iguana (D:6)
  4 orc wizards
  5 worker ants
  A hound skeleton (D:6)
  A mummy (D:8)
  9 gnolls
  8 adders
  A shadow imp (D:6)
  2 oozes
  An adder skeleton (D:5)
  2 worms
  3 dart slugs
  3 leopard geckos
  17 orcs
  A ball python (D:2)
  5 bats
  2 giant cockroaches
  5 hobgoblins
  5 kobolds
  4 frilled lizards
  4 goblins
  A jackal skeleton (D:5)
  A quokka skeleton (D:6)
  7 rats
128 creatures vanquished.

Vanquished Creatures (collateral kills)
  2 hippogriffs (D:7)
  Eustachio (D:5)
  Sigmund (D:3)
  A hog (D:8)
  Edmund (D:5)
  An ice beast (D:7)
  An ogre (D:8)
  A wolf (D:8)
  A big kobold (D:8)
  Blork the orc (D:5)
  A centaur zombie (D:5)
  An orc priest (D:7)
  4 orc wizards
  Ijyb (D:5)
  2 worker ants
  2 hound zombies
  A gnoll (D:3)
  8 adders
  A worm (D:2)
  A leopard gecko (D:2)
  7 orcs
  2 bats (D:3)
  A goblin (D:3)
  3 hobgoblins
  2 jackals (D:3)
  A kobold (D:8)
  2 rats (D:3)
51 creatures vanquished.

Grand Total: 179 creatures vanquished

Notes
Turn   | Place    | Note
-------+----------+-------------------------------------------
     0 | D:1      | utis the Tengu Summoner began the quest for the Orb.
     0 | D:1      | Reached XP level 1. HP: 10/10 MP: 4/4
   672 | D:1      | Reached skill level 5 in Summonings
   672 | D:1      | Reached XP level 2. HP: 10/16 MP: 6/6
   790 | D:1      | Learned a level 2 spell: Call Imp
   907 | D:1      | Reached skill level 1 in Fighting
  1864 | D:2      | Reached XP level 3. HP: 20/20 MP: 7/7
  1950 | D:2      | Learned a level 3 spell: Call Canine Familiar
  2175 | D:2      | Reached XP level 4. HP: 26/26 MP: 8/8
  2964 | D:2      | Found a sparkling altar of Nemelex Xobeh.
  3178 | D:3      | Gained mutation: You can fly continuously. [Tengu growth]
  3178 | D:3      | Reached XP level 5. HP: 31/31 MP: 4/9
  3307 | D:3      | Noticed Sigmund
  4184 | D:3      | Killed Sigmund
  4184 | D:3      | Reached skill level 6 in Summonings
  4184 | D:3      | Reached XP level 6. HP: 35/37 MP: 1/10
  4738 | D:3      | Found a blossoming altar of Fedhas.
  5228 | D:4      | Got a brightly glowing chain mail
  5288 | D:4      | Learned a level 4 spell: Summon Ice Beast
  5535 | D:5      | Entered Level 5 of the Dungeon
  5541 | D:5      | Noticed Ijyb
  5869 | D:5      | Killed Ijyb
  5950 | D:5      | Found a shadowy altar of Dithmenos.
  5967 | D:5      | Noticed Edmund
  5990 | D:5      | Killed Edmund
  5990 | D:5      | Reached skill level 7 in Summonings
  5990 | D:5      | Reached skill level 1 in Ice Magic
  5990 | D:5      | Reached XP level 7. HP: 25/41 MP: 4/12
  6222 | D:5      | Noticed Blork the orc
  6262 | D:5      | Killed Blork the orc
  7079 | D:5      | Reached skill level 8 in Summonings
  7349 | D:6      | Noticed Eustachio
  7523 | D:6      | Reached XP level 8. HP: 36/46 MP: 13/13
  7831 | D:5      | Killed Eustachio
  7831 | D:5      | Reached skill level 9 in Summonings
  8330 | D:6      | Found a staircase to the Ecumenical Temple.
  9591 | D:6      | Got a transparent copper ring
  9597 | D:6      | Identified the ring of Fyegusk {rF+ Str+3} (You found it on
                  | level 6 of the Dungeon)
  9659 | D:6      | Identified the +3 chain mail of Slovenliness {rN+ Dex+5}
                  | (You found it on level 4 of the Dungeon)
  9840 | D:7      | Found a snail-covered altar of Cheibriados.
 10111 | D:7      | Noticed a hippogriff
 10123 | D:7      | Killed a hippogriff
 10123 | D:7      | Reached skill level 5 in Dodging
 10352 | D:7      | Reached XP level 9. HP: 43/52 MP: 14/14
 10416 | D:7      | Reached skill level 5 in Fighting
 10764 | D:8      | Upgraded the game from 0.25-a0-578-gc91f01c39c to
                  | 0.25-a0-583-g696c2ac64d
 10780 | D:8      | Found a shattered altar of Ashenzari.
 11046 | D:8      | Noticed Grum
 11075 | D:8      | Killed Grum
 11091 | D:8      | Noticed Psyche
 11648 | D:8      | Learned a level 4 spell: Summon Lightning Spire
 11814 | D:8      | Killed Psyche
 11814 | D:8      | Reached skill level 10 in Summonings
 12174 | D:8      | Reached XP level 10. HP: 62/62 MP: 15/15
 12370 | D:8      | Noticed a two-headed ogre
 12394 | D:8      | Killed a two-headed ogre
 13091 | D:8      | Found Agufaibryl's Weapon Shop.
 13233 | D:9      | Noticed a death yak
 13233 | D:9      | Noticed a death yak
 13308 | D:8      | wtf
 13555 | D:8      | Slain by a death yak

Levels and vault maps discovered:
D:1:      sevenhm_arrival_forest_fort_large_2, layout_rooms,
          kennysheep_decorative_pillar
D:2:      layout_rooms, nemelex_xobeh_ov_fountains_minmay
D:3:      mumra_celtic_spiral_tile, layout_rooms, first_ration, fedhas_altar_2,
          uniq_sigmund
D:4:      layout_basic
D:5:      layout_loops_ring, nicolae_dithmenos_the_darkroom,
          serial_bayou_pond_d, hangedman_decor_peaks_small, uniq_ijyb,
          uniq_edmund, uniq_blork_the_orc
D:6:      wander_river, layout_cave_pods, minmay_temple_entry_grid,
          uniq_eustachio
D:7:      layout_cave_pools, old_standard_altar
D:8:      layout_basic, lemuel_round_altar, serial_shops, kennysheep_little_box,
          gup_ossuary_entry_pyramid, grunt_livestock, kennysheep_crisscross,
          serial_bayou_pond_d, uniq_grum, uniq_psyche
D:9:      lemuel_ogre_cave, layout_basic, grunt_temple_overflow_open,
          dpeg_lair_monsters

Skill      XL: |  1  2  3  4  5  6  7  8  9 10 |
---------------+-------------------------------+-----
Summonings     | 5 6 7 8 9 10 | 10.9
Fighting       | 1 2 3 4 7 |  7.9
Dodging        | 3 4 5 8 9 |  9.0
Spellcasting   | 3 |  3.0
Ice Magic      | 1 2 4 |  4.0
Stealth        | |  2.0

Action                   |  1- 3 |  4- 6 |  7- 9 | 10-12 || total
-------------------------+-------+-------+-------+-------++-------
Melee: Mace              |    51 |    29 |       |       ||    80
       Kick              |     4 |    29 |    67 |    17 ||   117
       Peck              |     6 |    15 |    36 |    11 ||    68
       Whip              |       |    17 |       |       ||    17
       Short sword       |       |    18 |       |       ||    18
       Spear             |       |    20 |   143 |    38 ||   201
       Halberd           |       |    56 |   164 |    13 ||   233
Throw: Javelin           |     8 |       |       |       ||     8
       Stone             |    27 |    16 |    21 |     4 ||    68
 Cast: Call Imp          |     8 |    35 |    21 |       ||    64
       Call Canine Famil |       |     3 |    16 |     2 ||    21
       Summon Ice Beast  |       |       |    17 |    14 ||    31
       Summon Lightning  |       |       |       |     1 ||     1
 Abil: Fly               |       |     1 |       |       ||     1
  Use: Scroll            |       |    12 |     6 |       ||    18
       Potion            |       |       |     1 |     1 ||     2
 Stab: Sleeping          |     1 |     4 |     4 |       ||     9
       Distracted        |       |     2 |     4 |       ||     6
  Eat: Chunk             |     4 |    13 |    16 |     6 ||    39
       Ration            |       |     1 |     3 |     1 ||     5
Armor: Ring mail         |    19 |    47 |       |       ||    66
       Leather armour    |       |     6 |    34 |     2 ||    42
Dodge: Dodged            |    37 |   117 |   217 |    36 ||   407

Table legend:
 A = Non-vault XP
 B = Vault XP
 C = Vault XP percentage of total XP
 D = Non-vault monster count
 E = Vault monster count
 F = Vault count percentage of total count
                 A         B        C        D         E       F
            +---------+---------+-------+---------+---------+-------
      Total |    4405 |    2144 |  32.7 |     162 |      17 |   9.5
            +---------+---------+-------+---------+---------+-------
        D:1 |      22 |       0 |   0.0 |      10 |       0 |   0.0
        D:2 |     129 |       0 |   0.0 |      28 |       0 |   0.0
        D:3 |     107 |     110 |  50.7 |      28 |       1 |   3.4
        D:4 |      99 |       0 |   0.0 |       4 |       0 |   0.0
        D:5 |     414 |     318 |  43.4 |      19 |       4 |  17.4
        D:6 |     746 |       0 |   0.0 |      28 |       0 |   0.0
        D:7 |     662 |       0 |   0.0 |      14 |       0 |   0.0
        D:8 |    2073 |    1716 |  45.3 |      29 |      12 |  29.3
        D:9 |     153 |       0 |   0.0 |       2 |       0 |   0.0
            +---------+---------+-------+---------+---------+-------
